 Dungeon Crawl Stone Soup version 0.30-a0-576-g89cddaab80 (webtiles) character file.

Game seed: 16710866496507075686

537 Sabo the Covered (level 7, -1/62 HPs)
             Began as an Armataur Fighter on Dec 30, 2022.
             Was a Follower of Nemelex Xobeh.
             Slain by Duvessa
             ... wielding a +0 rapier
              (8 damage)
             ... on level 5 of the Dungeon.
             The game lasted 00:25:57 (3908 turns).

Sabo the Covered (Armataur Fighter)                 Turns: 3908, Time: 00:25:58

Health: -1/62      AC: 10    Str: 30    XL:     7   Next: 5%
Magic:  7/7        EV:  5    Int:  8    God:    Nemelex Xobeh [*.....]
Gold:   225        SH: 13    Dex:  9    Spells: 6/6 levels left

rFire   . . .      SeeInvis .    a - +0 war axe
rCold   . . .      Faith    .    j - +1 tower shield
rNeg    . . .      Spirit   .    b - +0 scale mail
rPois   .          Reflect  .    w - +2 helmet
rElec   .          Harm     .    (no cloak)
rCorr   .          Roll     +    (no gloves)
Will    .....                    (no barding) Stlth
                                 (no amulet)
HPRegen 0.30/turn                q - +6 ring of strength
MPRegen 0.10/turn                (no ring)

@: lit by a corona, glowing
A: large, rugged brown scales 3, deformed body, armoured tail, roll, long
tongue, awkward tongue
a: Renounce Religion, Draw Escape, Draw Destruction, Draw Summoning


You were on level 5 of the Dungeon.
You worshipped Nemelex Xobeh.
Nemelex Xobeh was aware of your devotion.
You visited 1 branch of the dungeon, and saw 5 of its levels.
You also visited: Ossuary.

You collected 225 gold pieces.

Inventory:

Hand Weapons
 a - a +0 war axe (weapon)
 l - a +0 sling
Armour
 b - a +0 scale mail (worn)
 j - a +1 tower shield (worn)
 w - a +2 helmet (worn)
Jewellery
 q - a +6 ring of strength (left hand)
Scrolls
 c - a scroll of poison
 o - 3 scrolls of teleportation
 r - a scroll of fear {unknown}
 s - 2 scrolls of blinking
 u - 2 scrolls of vulnerability {unknown}
 x - 2 scrolls of fog {unknown}
Potions
 d - a potion of might
 e - a potion of mutation {unknown}
 f - a potion of berserk rage {unknown}
 g - 3 potions of curing {unknown}
 k - a potion of degeneration {unknown}
 m - a potion of attraction {unknown}
 p - a potion of flight {unknown}
 v - 2 potions of magic {unknown}
 z - 2 potions of brilliance {unknown}
 A - a potion of cancellation {unknown}
 B - a potion of haste {unknown}


   Skills:
 + Level 3.6 Fighting
 + Level 4.4 Axes
 + Level 5.1 Armour
 + Level 0.8 Dodging
 + Level 0.8 Stealth
 + Level 4.6 Shields


You had 6 spell levels left.
You didn't know any spells.
Your spell library contained the following spells:

 Spells                   Type           Power      Damage    Failure   Level
 Call Canine Familiar     Summ           0%         N/A       100%        3
 Ozocubu's Armour         Ice            0%         N/A       100%        3
 Portal Projectile        Hex/Tloc       0%         N/A       100%        3
 Leda's Liquefaction      Hex/Erth       0%         N/A       100%        4
 Manifold Assault         Tloc           0%         N/A       100%        4
 Dispersal                Tloc           0%         N/A       100%        6
 Ozocubu's Refrigeration  Ice            0%         4d7       100%        7
 Disjunction              Tloc           0%         N/A       100%        8


Dungeon Overview and Level Annotations

Branches:
Dungeon (5/15)            Ossuary (visited)
 Temple: D:4-7

Altars:
Makhleb
Nemelex Xobeh

Shops:
D:3 :

Portals:
Abyss: D:4

Annotations:
D:5 Dowan, Duvessa


Innate Abilities, Weirdness & Mutations

You are completely covered in rugged brown scales. (AC +3, +7% HP)
Armour fits poorly on your strangely shaped body.
You have a long armoured tail.
You roll when moving toward enemies. (Rampage)
Your long tongue fully drains potion bottles. (2x potion effects)
Your tongue gives you trouble enunciating. (1.5x scroll delay)


Message History

Duvessa is moderately wounded.
Duvessa hits you with a +0 rapier! Duvessa hits you but does no damage.
You hit Duvessa.
Duvessa is moderately wounded.
Duvessa hits you with a +0 rapier. Duvessa hits you with a +0 rapier!
Duvessa hits you with a +0 rapier.
You barely miss Duvessa.
Duvessa is moderately wounded.
Duvessa hits you but does no damage. You block Duvessa's attack.
You slash Duvessa!
Your tail-slap misses Duvessa.
Duvessa is severely wounded.
Duvessa says, "Beauty is only skin deep, and my weapons penetrate much further than that."
You block Duvessa's attack. x2
Dowan casts a spell.
Dowan blinks!
You hit Duvessa but do no damage.
Duvessa is severely wounded.
Duvessa hits you with a +0 rapier. Duvessa barely misses you.
Dowan hits you with a +0 dagger.
You slash Dowan!
Dowan is moderately wounded.
You barely miss Duvessa. You block Duvessa's attack.
Duvessa hits you with a +0 rapier. Dowan hits you with a +0 dagger.
Duvessa hits you but does no damage.
You hit Dowan.
Dowan is heavily wounded.
You barely miss Duvessa.
Duvessa says, "Practise, practise, practise!
One day you'll be as good as me." Duvessa hits you with a +0 rapier.
* * * LOW HITPOINT WARNING * * *
Dowan casts a spell at you.
You are outlined in light.
Duvessa hits you but does no damage. Dowan hits you but does no damage.
You hit Dowan.
Dowan is heavily wounded.
You hit Duvessa but do no damage. Duvessa hits you with a +0 rapier!
* * * LOW HITPOINT WARNING * * *
Duvessa hits you with a +0 rapier!
You die...
Your body disappears without additional glow.

. #. #. #.###
...## ... #
#e#.#####
#@#....[?
#######e.......
......!.#######
#######.#
#.######
#......#
#..###.# #..#
#######..#.#.#


You could see Duvessa (fast) and Dowan.

Vanquished Creatures
  The ghost of BubbleThief the Ducker, a novice DsGl (D:4)
  An orc priest (D:3)
  An iguana (D:4)
  A small abomination (D:4)
  3 mummies (Ossuary)
  An adder (D:4)
  An ufetubus (D:4)
  2 worms (D:2)
  2 dart slugs
  4 orcs (D:3)
  7 ball pythons
  10 bats
  8 endoplasms
  3 giant cockroaches
  11 goblins
  5 hobgoblins
  3 jackals (D:3)
  2 quokkas
  A frilled lizard (D:3)
  3 goblin zombies (Ossuary)
  4 hobgoblin zombies (Ossuary)
  11 kobolds
  2 kobold zombies (Ossuary)
  An orc zombie (Ossuary)
  4 quokka zombies
  7 rats
  6 rat zombies
105 creatures vanquished.

Vanquished Creatures (others)
  21 plants (D:1)
21 creatures vanquished.

Grand Total: 126 creatures vanquished

Notes
Turn   | Place    | Note
-------+----------+-------------------------------------------
     0 | D:1      | Sabo the Armataur Fighter began the quest for the Orb.
     0 | D:1      | Reached XP level 1. HP: 19/19 MP: 1/1
     6 | D:1      | Noticed a black bear
     6 | D:1      | Noticed a komodo dragon
     7 | D:1      | Noticed a lindwurm
     7 | D:1      | Noticed an anaconda
   226 | D:1      | Reached XP level 2. HP: 21/26 MP: 2/2
   535 | D:1      | Reached skill level 4 in Armour
  1182 | D:2      | Reached XP level 3. HP: 32/32 MP: 3/3
  1908 | D:3      | Found Gunweabauv's Book Boutique.
  1959 | D:3      | Reached XP level 4. HP: 39/40 MP: 4/4
  2091 | D:3      | HP: 2/40 [orc priest/nerve-wracking pain (9)]
  2346 | D:3      | Found a sparkling altar of Nemelex Xobeh.
  2361 | D:3      | Became a worshipper of Nemelex Xobeh the Trickster
  2447 | D:4      | Reached XP level 5. HP: 32/48 MP: 5/5
  2756 | D:4      | Found a transporter.
  2894 | D:4      | Found a sand-covered staircase.
  2902 | Ossuary  | Entered an ossuary
  3309 | D:4      | Noticed BubbleThief's ghost (novice DsGl)
  3319 | D:4      | Found a transporter.
  3351 | D:4      | Reached * piety under Nemelex Xobeh
  3360 | D:4      | Found a burning altar of Makhleb.
  3755 | D:4      | Found a one-way gate to the infinite horrors of the Abyss.
  3778 | D:4      | Killed BubbleThief's ghost
  3779 | D:4      | Reached skill level 5 in Armour
  3779 | D:4      | Reached XP level 6. HP: 41/54 MP: 6/6
  3779 | D:4      | Reached XP level 7. HP: 45/60 MP: 7/7
  3888 | D:5      | Entered Level 5 of the Dungeon
  3892 | D:5      | Noticed Duvessa
  3892 | D:5      | Noticed Dowan
  3908 | D:5      | Slain by Duvessa

Illustrated notes

Levels and vault maps discovered:
D:1:      onia_arrival_zoo_common, layout_basic, serial_bayou,
          serial_bayou_lagoon_a, serial_bayou_lake_a, serial_bayou_shore_a,
          serial_bayou_pond_b
D:2:      layout_loops_ring
D:3:      minmay_diamond_boxcup, layout_rooms, nemelex_diamond_rough_becter,
          serial_shops, shop
D:4:      layout_gridville, kennysheep_mini, gammafunk_ghost_abyssal_escape,
          enter_ossuary_4
D:5:      layout_loops_ring, serial_shops,
          nicolae_shop_temple_entry_statues_fountains, serial_demonic,
          serial_demonic_b, serial_demonic_g, serial_demonic_c,
          serial_demonic_g, uniq_duvessa, uniq_pikel

Skill      XL: |  1  2  3  4  5 |
---------------+----------------+-----
Armour         | 4 5 |  5.1
Axes           | 2 3 4 |  4.4
Fighting       | 3 |  3.6
Shields        | 4 |  4.6
Dodging        | |  0.8
Stealth        | |  0.8

Action                   |  1- 3 |  4- 6 |  7- 9 || total
-------------------------+-------+-------+-------++-------
Melee: War axe           |   120 |   108 |    18 ||   246
       Tailslap          |    15 |     9 |     2 ||    26
  Use: Scroll            |       |     9 |       ||     9
       Potion            |       |     1 |       ||     1
Armor: Scale mail        |    45 |    45 |     6 ||    96
Dodge: Dodged            |    37 |    20 |     2 ||    59
Block: Buckler           |     2 |       |       ||     2
       Tower shield      |    31 |    90 |    15 ||   136

Table legend: (Time is in decaauts)
 A = Elapsed time spent in this place.
 B = Non-inter-level travel time spent in this place.
 C = Inter-level travel time spent in this place.
 D = Time resting spent in this place.
 E = Time spent auto-exploring this place.
 F = Levels seen in this place.
 G = Mean time per level.
                   A        B        C        D        E       F      G
               +--------+--------+--------+--------+--------+-----+--------+
         Total |   4056 |   4056 |      0 |    261 |      0 |   6 |  676.0 |
       Dungeon |   3860 |   3860 |      0 |    233 |      0 |   5 |  772.0 |
       Ossuary |    195 |    195 |      0 |     28 |      0 |   1 |  195.0 |
               +--------+--------+--------+--------+--------+-----+--------+

Top non-repeatable levels by time:
     D:4: 1308 daAuts
     D:1: 1047 daAuts
     D:2: 779 daAuts
     D:3: 697 daAuts
 Ossuary: 195 daAuts
     D:5: 26 daAuts
